Map: Cerulean Fall LE

Players

Cham

  • Race: Zerg Zerg
  • Spawn Location: 7:00

MDStephano (Stephano) - Winner!

  • Race: Zerg Zerg
  • Spawn Location: 1:00

Event: WCS Montreal 2018

VOD

Have the link to the VOD?

Description

Time

  • Played on: Sept. 7, 2018, 8:32 p.m.
  • Length: 17:22

All games in this series

Show
View Real Time Build Order
Export as new Build Order

Cham Zerg 

Build Orders: Hatch First 

Get SALT Encoding   

  12  0:00  Drone  
  13  0:08  Drone  
  14  0:16  Overlord  
  14  0:35  Drone x2  
  16  0:48  Hatchery  
  15  0:51  Drone  
  15  0:56  Drone  
  17  1:03  Extractor  
  16  1:12  Spawning Pool  
  16  1:15  Drone  
  16  1:19  Drone  
  16  1:22  Drone  
  18  1:30  Drone  
  19  1:41  Overlord  
  19  1:50  Drone  
  20  1:58  Queen  
  20  2:00  Queen  
  24  2:02  Zergling x2  
  25  2:10  Metabolic Boost  
  25  2:12  Drone  
  25  2:14  Drone  
  27  2:17  Drone  
  27  2:21  Drone  
  29  2:38  Hatchery  
  29  2:43  Baneling Nest  
  27  2:44  Drone  
  27  2:47  Zergling x2  
  27  2:50  Zergling x2  
  30  2:52  Zergling x2  
  30  2:55  Zergling x2  
  32  3:00  Overlord  
  32  3:05  Drone, Zergling x2  
  34  3:12  Drone, Zergling x2  
  36  3:23  Drone x2  
  36  3:26  Drone  
  38  3:28  Drone  
  38  3:31  Baneling x3  
  38  3:32  Drone x3  
  42  3:35  Zergling x2  
  43  3:43  Overlord  
  43  3:50  Drone  
  43  3:55  Extractor x2, Roach Warren  
  38  3:56  Drone x2  
  38  3:57  Zergling x2  
  38  3:58  Zergling x2  
  38  4:00  Drone  
  41  4:04  Baneling  
  41  4:09  Zergling x2  
  42  4:13  Drone  
  43  4:22  Drone, Zergling x2  
  43  4:27  Zergling x2  
  44  4:32  Overlord  
  44  4:34  Queen  
  44  4:36  Roach  
  48  4:41  Roach x2  
  48  4:42  Roach  
  48  4:43  Roach  
  56  4:48  Roach  
  56  4:52  Overlord, Roach  
  62  4:53  Roach  
  62  4:55  Baneling x2  
  62  4:58  Roach  
  62  4:59  Roach  
  66  5:03  Overlord  
  66  5:10  Overlord  
  66  5:13  Roach  
  66  5:14  Roach  
  70  5:20  Roach x2  
  74  5:24  Roach  
  74  5:26  Zergling x2  
  75  5:30  Zergling x4  
  75  5:31  Zergling x2  
  75  5:35  Zergling x4  
  79  5:39  Zergling x4  
  79  5:41  Zergling x2  
  82  5:44  Overlord  
  82  5:47  Ravager  
  82  5:49  Baneling x2  
  83  5:51  Zergling x4, Ravager  
  83  5:54  Zergling x2  
  83  5:56  Zergling x2  
  87  5:59  Drone x2  
  89  6:05  Drone x2  
  82  6:12  Lair, Drone  
  82  6:13  Drone x2  
  81  6:19  Drone x3  
  81  6:20  Drone  
  81  6:23  Ravager  
  86  6:27  Drone  
  86  6:28  Drone x2  
  86  6:32  Overlord  
  89  6:34  Evolution Chamber  
  89  6:37  Roach  
  89  6:38  Roach  
  91  6:42  Roach x2  
  93  6:47  Drone  
  93  6:49  Roach x2  
  93  6:51  Roach  
  100  6:55  Roach x2  
  100  7:01  Roach x2  
  100  7:06  Baneling x3  
  100  7:07  Roach  
  101  7:13  Roach x4  
  100  7:20  Roach x2  
  100  7:22  Drone x4  
  102  7:25  Roach  
  102  7:26  Drone  
  102  7:27  Drone  
  103  7:32  Drone x2  
  103  7:33  Drone  
  103  7:35  Zerg Missile Weapons Level 1  
  106  7:38  Overlord  
  106  7:43  Overlord x2, Extractor  
  105  7:45  Drone  
  105  7:49  Overlord  
  105  7:50  Extractor  
  105  7:52  Drone  
  106  7:59  Drone x5  
  111  8:07  Drone  
  111  8:09  Overlord, Drone x2  
  111  8:10  Roach x3  
  111  8:11  Glial Reconstitution  
  120  8:16  Roach  
  120  8:17  Roach  
  124  8:22  Roach  
  124  8:26  Overlord, Hatchery  
  125  8:27  Extractor  
  125  8:28  Ravager x3  
  125  8:32  Overlord  
  127  8:34  Roach  
  127  8:36  Roach  
  127  8:40  Overlord  
  131  8:42  Roach  
  131  8:43  Roach  
  131  8:45  Roach  
  131  8:46  Roach  
  139  8:50  Roach x2  
  139  8:52  Roach  
  145  8:58  Roach x3  
  151  9:03  Roach x2  
  151  9:04  Roach  
  151  9:05  Roach  
  151  9:08  Roach  
  161  9:10  Roach  
  161  9:14  Drone x2  
  161  9:15  Drone x2  
  161  9:16  Drone  
  168  9:18  Ravager x2  
  168  9:21  Overlord  
  170  9:26  Overlord x2  
  170  9:30  Overlord  
  170  9:31  Zerg Missile Weapons Level 2  
  162  9:39  Roach  
  162  9:42  Roach x2  
  146  9:46  Roach x3  
  146  9:47  Roach x2  
  146  9:48  Roach  
  146  9:51  Roach  
  146  9:52  Roach  
  156  9:53  Roach  
  156  9:58  Ravager  
  156  9:59  Roach x3  
  165  10:00  Roach  
  165  10:03  Roach  
  167  10:08  Roach  
  167  10:09  Roach x3  
  169  10:15  Roach x2  
  169  10:16  Roach x2  
  145  10:22  Roach  
  145  10:25  Roach x3  
  145  10:26  Roach x2  
  145  10:27  Roach  
  143  10:30  Overseer  
  143  10:31  Roach x2  
  143  10:32  Roach  
  143  10:33  Ravager x2  
  144  10:36  Roach  
  144  10:37  Overseer  
  144  10:38  Roach  
  144  10:40  Roach  
  144  10:42  Roach  
  152  10:44  Roach  
  154  10:51  Roach x2  
  154  10:52  Roach x3  
  154  10:53  Roach  
  154  10:54  Roach  
  165  11:04  Roach x4  
  165  11:05  Roach x2  
  165  11:09  Roach x3  
  175  11:12  Roach x2  
  175  11:16  Roach x2  
  159  11:21  Roach  
  159  11:22  Roach  
  138  11:26  Roach x3  
  134  11:33  Queen  
  134  11:37  Roach x3  
  134  11:38  Roach  
  144  11:43  Ravager  
  144  11:44  Roach  
  147  11:50  Roach x3  
  150  11:56  Roach  
  150  12:00  Roach x3  
  154  12:02  Roach  
  154  12:06  Roach  
  146  12:11  Roach  
  146  12:12  Roach  
  142  12:20  Roach x2  
  142  12:21  Drone x2, Overseer  
  142  12:22  Drone x2, Roach x3  
  143  12:24  Overseer  
  141  12:31  Roach x3  
  141  12:32  Roach x3  
  141  12:35  Overlord  
  141  12:36  Roach x2  
  157  12:38  Roach  
  157  12:43  Roach  
  156  12:47  Roach x2  
  152  12:52  Roach  
  152  12:57  Roach  
  152  12:58  Roach  
  154  13:00  Roach  
  151  13:07  Roach x3  
  151  13:10  Ravager x2  
  151  13:11  Ravager  
  160  13:13  Roach  
  160  13:16  Roach  
  162  13:22  Drone x3  
  162  13:23  Drone  
  162  13:26  Roach  
  168  13:28  Ravager  
  168  13:29  Roach  
  168  13:30  Ravager  
  172  13:37  Roach x2, Ravager  
  172  13:39  Roach  
  179  13:46  Roach x2  
  183  14:00  Overlord x2  
  154  14:13  Roach x4  
  154  14:16  Roach x7  
  139  14:17  Roach  
  139  14:23  Roach x2  
  106  14:26  Roach  
  106  14:31  Roach  
  97  14:33  Roach  
  96  14:39  Roach  
  96  14:42  Roach  
  96  14:46  Roach  
  96  14:51  Roach  
  96  14:52  Roach  
  83  15:01  Roach x2  
  83  15:02  Roach  
  83  15:10  Roach x2  
  84  15:14  Roach  
  86  15:21  Roach  
  86  15:25  Roach  
  96  15:35  Roach x3  
  96  15:40  Roach  
  98  15:46  Roach x2  
  102  15:52  Roach  
  102  15:53  Roach  
  108  15:57  Roach  
  108  15:59  Ravager x2  
  110  16:04  Roach  
  110  16:05  Roach  
  110  16:09  Roach  
  116  16:13  Roach  
  116  16:15  Roach  
  108  16:34  Roach  
  94  16:42  Roach x2  
  78  16:47  Roach x5  
  78  16:49  Roach  
  78  16:53  Roach  
Show
View Real Time Build Order
Export as new Build Order

MDStephano Zerg - Winner!

Build Orders: Hatch First 

Get SALT Encoding   

  12  0:00  Drone  
  13  0:12  Overlord  
  13  0:17  Drone  
  14  0:31  Drone x2  
  16  0:49  Hatchery  
  15  0:51  Drone  
  15  0:55  Drone  
  17  0:59  Drone  
  18  1:09  Extractor  
  17  1:14  Spawning Pool  
  17  1:17  Drone  
  17  1:20  Drone  
  18  1:28  Drone  
  19  1:39  Drone  
  20  1:49  Drone  
  21  2:00  Queen  
  21  2:01  Queen  
  25  2:02  Overlord, Zergling x2  
  26  2:11  Drone x2  
  26  2:13  Metabolic Boost  
  29  2:22  Zergling x2  
  29  2:23  Drone  
  30  2:34  Hatchery  
  29  2:43  Baneling Nest  
  28  2:47  Drone  
  28  2:48  Queen  
  31  2:55  Overlord  
  32  2:58  Zergling x2  
  32  3:01  Zergling x2  
  32  3:05  Zergling x4  
  35  3:12  Zergling x2  
  36  3:13  Overlord  
  36  3:25  Overlord  
  36  3:30  Baneling x2  
  36  3:31  Zergling x6  
  39  3:34  Drone x2  
  39  3:35  Drone  
  42  3:42  Drone x2  
  42  3:45  Overlord  
  43  3:52  Drone x2  
  42  3:56  Drone x3  
  45  4:03  Baneling  
  45  4:04  Drone x3  
  45  4:09  Drone x2  
  49  4:20  Zergling x6  
  49  4:26  Drone x4  
  49  4:28  Extractor  
  52  4:32  Zergling x8  
  52  4:37  Evolution Chamber  
  55  4:40  Overlord  
  55  4:47  Zergling x10, Roach Warren  
  58  4:56  Baneling  
  58  4:57  Baneling  
  58  4:58  Overlord  
  58  5:01  Extractor  
  56  5:09  Spine Crawler  
  56  5:11  Zerg Missile Weapons Level 1, Overlord  
  55  5:18  Drone x3  
  55  5:19  Drone x2  
  60  5:27  Roach x6  
  69  5:31  Roach x2  
  69  5:34  Roach  
  75  5:38  Zergling x6  
  78  5:43  Roach x2  
  81  5:50  Roach  
  81  5:52  Roach  
  81  5:55  Zergling x8  
  83  6:10  Roach x3  
  80  6:19  Roach x2  
  80  6:22  Overlord  
  80  6:24  Zergling x14  
  90  6:32  Drone x3  
  93  6:38  Lair  
  93  6:43  Drone x2  
  93  6:45  Drone  
  95  6:53  Roach  
  95  6:54  Roach x2  
  98  6:58  Drone x6  
  92  7:15  Drone x3  
  92  7:16  Drone x3  
  92  7:19  Pneumatized Carapace  
  84  7:24  Roach  
  84  7:25  Roach x2  
  84  7:33  Roach x3  
  84  7:35  Extractor, Spine Crawler  
  84  7:36  Extractor, Roach x2  
  84  7:37  Glial Reconstitution, Roach  
  91  7:38  Spine Crawler  
  91  7:42  Queen x2  
  94  7:46  Roach x3  
  94  7:48  Roach  
  94  7:51  Roach  
  104  7:53  Roach  
  104  7:55  Overlord  
  104  7:57  Overlord  
  106  8:04  Overlord  
  104  8:07  Roach x2  
  104  8:08  Overlord  
  104  8:09  Overlord  
  106  8:13  Overlord  
  106  8:15  Overseer  
  106  8:18  Extractor, Drone  
  106  8:19  Drone x2  
  108  8:21  Drone x3  
  108  8:22  Drone x3  
  108  8:24  Zerg Missile Weapons Level 2  
  114  8:38  Roach x4  
  114  8:40  Hatchery, Roach  
  123  8:45  Roach x3  
  129  8:49  Overlord  
  129  9:05  Overlord, Tunneling Claws  
  129  9:06  Burrow  
  129  9:08  Roach x6  
  141  9:10  Ravager x2  
  141  9:12  Roach  
  141  9:14  Roach  
  147  9:18  Roach x3  
  153  9:25  Roach x3  
  153  9:26  Roach  
  153  9:30  Overlord x2  
  157  9:40  Roach x4  
  157  9:45  Roach x3  
  153  9:48  Roach x2  
  153  9:51  Ravager x2  
  149  9:53  Roach x2  
  149  9:55  Roach  
  149  9:57  Roach  
  157  10:00  Roach x2  
  157  10:05  Roach x2  
  165  10:10  Roach x3  
  165  10:18  Roach x4  
  149  10:23  Roach x30  
  149  10:24  Roach x2  
  149  10:25  Roach  
  153  10:29  Roach x2  
  153  10:32  Roach x2  
  161  10:36  Roach x2  
  161  10:39  Roach  
  161  10:40  Roach  
  169  10:47  Roach x3  
  169  10:48  Overlord, Roach x8, Ravager  
  169  10:49  Roach  
  176  10:54  Unknown  
  176  11:01  Roach x6  
  176  11:03  Roach  
  176  11:07  Overlord  
  170  11:15  Roach  
  170  11:16  Roach x10  
  166  11:20  Roach x5  
  166  11:25  Roach x3  
  158  11:27  Roach x8  
  158  11:28  Roach  
  142  11:33  Roach  
  142  11:34  Roach x3  
  148  11:40  Roach x3  
  148  11:43  Roach x2  
  158  11:48  Roach x3  
  158  11:52  Roach x2  
  158  11:53  Ravager x3  
  168  11:57  Roach x21  
  168  11:59  Roach x3  
  174  12:06  Roach x3  
  165  12:09  Roach x2  
  162  12:16  Roach x2  
  162  12:20  Roach x3  
  162  12:21  Roach x3  
  162  12:22  Roach x2  
  169  12:23  Roach x2  
  169  12:24  Roach  
  169  12:27  Roach x30  
  175  12:32  Ravager x4  
  177  12:37  Roach x2  
  177  12:38  Roach  
  177  12:41  Roach x2  
  177  12:42  Roach  
  167  12:52  Roach x6  
  167  12:56  Roach x2  
  167  12:57  Roach x9  
  167  12:58  Roach x2  
  183  13:02  Roach  
  183  13:04  Overlord  
  185  13:23  Ravager x3  
  185  13:24  Roach x4, Ravager x2  
  185  13:25  Hatchery  
  193  13:29  Overlord  
  193  13:34  Overseer  
  193  13:38  Roach x11  
  193  13:40  Unknown  
  193  13:44  Unknown x2  
  193  13:49  Roach x7  
  193  13:50  Unknown, Roach  
  193  13:53  Roach x3  
  195  14:08  Roach x14  
  187  14:11  Roach x2  
  187  14:14  Roach x2  
  187  14:16  Roach x2  
  164  14:21  Roach x3  
  164  14:22  Roach x3  
  143  14:28  Roach x2  
  139  14:34  Roach x2  
  139  14:37  Roach x2  
  139  14:40  Roach  
  134  14:46  Roach x2  
  130  14:53  Roach x3  
  122  15:02  Roach x3  
  122  15:04  Roach x4  
  124  15:10  Roach x3  
  124  15:11  Roach x3  
  126  15:20  Roach x3  
  132  15:25  Roach  
  134  15:33  Ravager x2  
  134  15:34  Ravager x2  
  139  15:35  Ravager x5  
  139  15:36  Ravager  
  140  15:46  Roach x4  
  140  15:49  Roach  
  150  15:50  Unknown x2, Roach x2  
  150  15:54  Roach x2  
  150  15:55  Unknown x4  
  150  15:56  Unknown x2, Ravager x4  
  158  16:02  Unknown  
  158  16:04  Roach x3  
  158  16:09  Roach x2  
  158  16:10  Roach  
  158  16:11  Roach x3  
  170  16:16  Roach x2  
  172  16:28  Roach x6  
  168  16:35  Roach  
  168  16:36  Roach x2  
  168  16:37  Roach x3  
  150  16:41  Roach x2  
  133  16:49  Roach x4  
  135  16:55  Roach x3  
  135  16:57  Roach x3  
Tags
 
Add a new tag
Caveats
  • Supply blocks, unpowered buildings, or Contaminate may cause inaccurate times.
  • Supply counts are checked every 10 seconds.